[Event "Titled Tuesday Blitz August 08 Late 2023"]
[White "Sarkar, Justin"]
[Black "MKlose11"]
[WhiteFideId "2010011"]
[WhiteElo "2237"]
[BlackElo "2664"]
[Result "0-1"]
[Round "2"]
[TimeControl "180+1"]
[Date "2023.08.08"]
[WhiteClock "0:00:00"]
[BlackClock "0:00:33"]
[Board "83"]

1. d4 Nf6 2. c4 c5 3. d5 b5 4. cxb5 a6 5. b6 d6 6. Nc3 g6 7. e4 Bg7 8. Nf3 O-O 9. a4 Qxb6 10. a5 Qb7 11. Be2 Bg4 12. Nd2 Bxe2 13. Qxe2 Nbd7 14. O-O Ne8 15. Nc4 Nc7 16. Bf4 Nb5 17. e5 Nxc3 18. bxc3 dxe5 19. Nxe5 Qxd5 20. Rad1 Qe6 21. Rfe1 Nxe5 22. Bxe5 Rad8 23. Rxd8 Rxd8 24. h3 Rd7 25. Bxg7 Qxe2 26. Rxe2 Kxg7 27. Re5 Rc7 28. Rd5 c4 29. Kf1 Kf6 30. Ke2 Ke6 31. Rd4 Rc5 32. f4 h5 33. g4 h4 34. Kf3 f5 35. g5 Kf7 36. Ke3 Rxa5 37. Rxc4 Ra2 38. Rc6 a5 39. c4 Rh2 40. c5 Rxh3+ 41. Kd4 Rf3 0-1


[Site "https://www.chess.com"]

[Event "Titled Tuesday Blitz August 08 Late 2023"]
[White "Weetik, Vjacheslav"]
[Black "Kula, Robert"]
[WhiteFideId "4153472"]
[BlackFideId "1101218"]
[WhiteElo "2664"]
[BlackElo "2233"]
[Result "1-0"]
[Round "2"]
[TimeControl "180+1"]
[Date "2023.08.08"]
[WhiteClock "0:00:08"]
[BlackClock "0:00:26"]
[Board "84"]

1. d4 d5 2. c4 c6 3. Nf3 Nf6 4. g3 g6 5. Bg2 Bg7 6. O-O O-O 7. Qb3 dxc4 8. Qxc4 Nbd7 9. e3 Nb6 10. Qe2 Bf5 11. Rd1 Qc7 12. Nc3 Ne4 13. Nd2 Nxd2 14. Bxd2 Rad8 15. e4 Bc8 16. Bf4 e5 17. dxe5 Bxe5 18. Bxe5 Qxe5 19. f4 Qc5+ 20. Qf2 Qxf2+ 21. Kxf2 Bg4 22. Bf3 Bxf3 23. Kxf3 Nc4 24. b3 Nd6 25. e5 Nf5 26. Ne4 Kg7 27. Nf6 h5 28. h3 Nd4+ 29. Ke4 Ne6 30. Ke3 a5 31. a3 Nc5 32. b4 Nb3 33. Rab1 a4 34. Ne4 b6 35. Ng5 Rfe8 36. Ne4 c5 37. bxc5 bxc5 38. Rd6 Rxd6 39. Nxd6 Re6 40. Rb2 f6 41. Nc4 fxe5 42. fxe5 Re8 43. Ke4 Kf7 44. Nd6+ Ke7 45. Nxe8 Kxe8 46. Kd5 Ke7 47. Rf2 g5 48. Rf5 g4 49. h4 Nd2 50. Rxh5 c4 51. Rh7+ Ke8 52. Rc7 Kd8 53. Rxc4 Ke7 54. Rxg4 Nf1 55. Rxa4 Nxg3 56. Ra7+ Ke8 57. a4 Nf5 58. h5 Ne3+ 59. Ke4 Nc4 60. h6 Nxe5 61. Kxe5 Kf8 62. h7 Ke8 63. h8=Q# 1-0


[Site "https://www.chess.com"]

[Event "Titled Tuesday Blitz August 08 Late 2023"]
[White "Sailer, Mike"]
[Black "Weishaeutel, Moritz"]
[WhiteFideId "2012901"]
[BlackFideId "12967300"]
[WhiteElo "2193"]
[BlackElo "2655"]
[Result "0-1"]
[Round "2"]
[TimeControl "180+1"]
[Date "2023.08.08"]
[WhiteClock "0:00:01"]
[BlackClock "0:00:09"]
[Board "85"]

1. d4 Nf6 2. Nc3 e6 3. Bf4 Bb4 4. e3 d5 5. Ne2 O-O 6. a3 Be7 7. Qd2 c5 8. h3 Nc6 9. g4 a6 10. Bg2 b5 11. dxc5 Bxc5 12. Nd4 Qb6 13. Nxc6 Qxc6 14. O-O Bb7 15. Ne2 Rfe8 16. Nd4 Qb6 17. Nf3 Ne4 18. Qe2 Rac8 19. Ne5 Bd6 20. Nd3 Rc7 21. c3 a5 22. Rfd1 Ba6 23. Bxd6 Nxd6 24. Qe1 Bb7 25. b4 a4 26. Nc5 Bc6 27. h4 Nb7 28. Nd3 Rec8 29. Rac1 Be8 30. h5 Rc4 31. Bf3 Nd6 32. Ne5 R4c7 33. Nd3 Nc4 34. Ra1 Qd6 35. Nc5 Qe5 36. Rd4 Qg5 37. Kf1 Ne5 38. Be2 Qh4 39. Kg1 Nd7 40. Qf1 Nxc5 41. bxc5 Rxc5 42. Rb1 Rxc3 43. Bxb5 Bxb5 44. Rxb5 Rc1 45. Rd1 Qxg4+ 46. Kh1 Rxd1 47. Qxd1 Qxd1+ 48. Kg2 Qg4+ 49. Kf1 Qc4+ 0-1


[Site "https://www.chess.com"]

[Event "Titled Tuesday Blitz August 08 Late 2023"]
[White "Oliveira, Tiago Batista"]
[Black "Ozdemir, Serhan Berat"]
[WhiteFideId "2108291"]
[BlackFideId "6374611"]
[WhiteElo "2193"]
[BlackElo "2651"]
[Result "0-1"]
[Round "2"]
[TimeControl "180+1"]
[Date "2023.08.08"]
[WhiteClock "0:00:00"]
[BlackClock "0:00:38"]
[Board "86"]

1. d4 Nf6 2. c4 g6 3. Nc3 Bg7 4. e4 d6 5. Nf3 O-O 6. Be2 Bg4 7. Be3 Nfd7 8. Rc1 c5 9. d5 Na6 10. Nd2 Bxe2 11. Qxe2 Nc7 12. f4 e6 13. O-O exd5 14. exd5 Re8 15. Nf3 Nf6 16. h3 Ne4 17. Nxe4 Rxe4 18. Qd3 Qe7 19. Rce1 Re8 20. Bd2 f5 21. b3 h6 22. Kh1 a6 23. Bc3 b5 24. Bxg7 Qxg7 25. Qc2 Qe7 26. Rxe4 fxe4 27. Ne1 Qf6 28. g3 Qd4 29. Ng2 a5 30. Re1 a4 31. Ne3 axb3 32. axb3 b4 33. Re2 Qd3 34. Kg2 Kg7 35. Kf2 Qd4 36. Rd2 Qc3 37. Qxc3+ bxc3 38. Rc2 Na6 39. Rxc3 Nb4 40. Rc1 Nd3+ 0-1


[Site "https://www.chess.com"]

[Event "Titled Tuesday Blitz August 08 Late 2023"]
[White "Wieczorek, Oskar"]
[Black "Tharushi, T H D Niklesha"]
[WhiteFideId "1133950"]
[BlackFideId "9918264"]
[WhiteElo "2647"]
[BlackElo "2110"]
[Result "1-0"]
[Round "2"]
[TimeControl "180+1"]
[Date "2023.08.08"]
[WhiteClock "0:01:52"]
[BlackClock "0:00:56"]
[Board "87"]

1. e4 c5 2. Nf3 d6 3. d4 cxd4 4. Nxd4 Nf6 5. Nc3 g6 6. Be2 Bg7 7. O-O O-O 8. Re1 Nc6 9. Nb3 Be6 10. Rf1 Nd7 11. Re1 a5 12. Bb5 Bxb3 13. axb3 Nd4 14. Bd3 Nc5 15. Bc4 Nc6 16. Nb5 Ne5 17. Bf1 Rc8 18. c3 Qb6 19. Be3 Qc6 20. Na7 Qb6 21. Nxc8 Rxc8 22. Bd4 Qxb3 23. Bxc5 Qxd1 24. Rexd1 Rxc5 25. Rd5 Nd7 26. Rxa5 b6 27. Ra8+ Bf8 28. Bb5 Nf6 29. Rxc5 bxc5 30. Bc6 Ng4 31. b4 Ne5 32. b5 Kg7 33. Be8 Nc4 34. Rb8 e6 35. b6 d5 36. exd5 exd5 37. b7 d4 38. cxd4 cxd4 39. Rd8 Bd6 40. Rxd6 Nxd6 41. b8=Q Nxe8 42. Qxe8 d3 43. Qe3 d2 44. Qxd2 Kf6 45. g3 Kf5 46. h4 Kg4 47. Kg2 Kh5 48. Qe2+ Kh6 49. Kf3 f5 50. Kf4 Kg7 51. Ke5 Kh6 52. h5 f4 53. hxg6 fxg3 54. fxg3 hxg6 55. Kf6 g5 56. Kf5 g4 57. Kxg4 Kh7 58. Kg5 Kg8 59. Qe7 Kh8 60. Kg6 Kg8 61. g4 Kh8 62. g5 Kg8 63. Qh7+ Kf8 64. Kf6 Ke8 65. Qf7+ Kd8 66. g6 Kc8 67. g7 Kb8 68. Kg6 Kc8 69. Kh7 Kb8 70. Kg8 Kc8 71. Kf8 Kb8 72. g8=Q Kc8 73. Qh8 Kb8 74. Qfg7 Kc8 75. Kg8 Kb8 76. Kh7# 1-0


[Site "https://www.chess.com"]

[Event "Titled Tuesday Blitz August 08 Late 2023"]
[White "Burke, Paul"]
[Black "Domingo Nunez, Ruben"]
[WhiteFideId "2605767"]
[BlackFideId "22245570"]
[WhiteElo "1867"]
[BlackElo "2642"]
[Result "0-1"]
[Round "2"]
[TimeControl "180+1"]
[Date "2023.08.08"]
[WhiteClock "0:01:48"]
[BlackClock "0:02:31"]
[Board "88"]

1. e4 g6 2. Nc3 Bg7 3. g3 c5 4. Bg2 Nc6 5. d3 Rb8 6. Nge2 b5 7. O-O b4 8. Nd5 e6 9. Ne3 Nge7 10. h3 O-O 11. f4 d5 12. e5 f6 13. exf6 Bxf6 14. Ng4 Bg7 15. Ne5 Nxe5 16. fxe5 Bxe5 17. Bh6 Rxf1+ 18. Qxf1 Nf5 19. Bf4 Qd6 20. Bxe5 Qxe5 21. Nf4 Nxg3 22. Qf3 Qxf4 23. Qxf4 Ne2+ 0-1


[Site "https://www.chess.com"]

[Event "Titled Tuesday Blitz August 08 Late 2023"]
[White "Guseinov, Gadir"]
[Black "Gyulamiryan-koryun"]
[WhiteFideId "13401378"]
[WhiteElo "2786"]
[BlackElo "2059"]
[Result "1-0"]
[Round "2"]
[TimeControl "180+1"]
[Date "2023.08.08"]
[WhiteClock "0:02:41"]
[BlackClock "0:00:00"]
[Board "89"]

1. e4 e5 2. Nf3 Nc6 3. d4 exd4 4. Bc4 Nf6 5. e5 d5 6. Bb5 Ne4 7. Nxd4 Bd7 8. Bxc6 bxc6 9. O-O Bc5 10. Be3 O-O 11. Nd2 Nxd2 12. Qxd2 Bb6 13. Nb3 Be6 14. Bc5 Re8 15. Qc3 Qd7 16. a4 a5 17. Kh1 Bf5 18. Rad1 Qe6 19. Rfe1 Bg4 20. f3 Bh5 21. Nd4 Qg6 22. Bxb6 cxb6 23. Qxc6 Rac8 24. Qxg6 Bxg6 25. c3 Rb8 26. Nb5 Bc2 27. Rd4 Bb3 28. Kg1 h6 29. Kf2 Rec8 30. Nd6 Rc6 31. g4 f6 32. Nf5 Rc4 33. e6 Rxd4 34. cxd4 Bxa4 35. e7 Be8 36. Nd6 b5 37. Rc1 Bg6 38. f4 b4 39. f5 Bf7 40. Ra1 Ra8 41. b3 1-0


[Site "https://www.chess.com"]

[Event "Titled Tuesday Blitz August 08 Late 2023"]
[White "Haydon, David L"]
[Black "Lima, Kleyton Alcantara"]
[WhiteFideId "415405"]
[BlackFideId "22718397"]
[WhiteElo "2779"]
[BlackElo "2463"]
[Result "1/2-1/2"]
[Round "2"]
[TimeControl "180+1"]
[Date "2023.08.08"]
[WhiteClock "0:00:48"]
[BlackClock "0:00:26"]
[Board "90"]

1. d4 Nf6 2. Nc3 d5 3. Bf4 e6 4. e3 Bb4 5. Ne2 Ne4 6. Qd3 O-O 7. f3 Nxc3 8. Nxc3 c5 9. a3 Bxc3+ 10. Qxc3 cxd4 11. exd4 b6 12. Bd3 Ba6 13. Bxb8 Bxd3 14. Bc7 Qd7 15. cxd3 Rfc8 16. Rc1 a5 17. Qc6 Qxc6 18. Rxc6 Ra7 19. Rxb6 Raxc7 20. O-O Rc2 21. Rf2 Rc1+ 22. Rf1 R1c2 23. g3 Rd2 24. Rb3 a4 25. Rb4 g5 26. Rf2 Rcc2 27. Rxd2 Rxd2 28. Rxa4 Rxb2 29. Rb4 Ra2 30. Rb3 Kg7 31. g4 Kg6 32. h3 h5 33. Rc3 h4 34. Rb3 f5 35. Rc3 Kf6 36. Rb3 Kg6 37. Rc3 Kf6 38. Rb3 Kg6 1/2-1/2


[Site "https://www.chess.com"]

[Event "Titled Tuesday Blitz August 08 Late 2023"]
[White "Dias, Paulo"]
[Black "Jaracz, Pawel"]
[WhiteFideId "1900803"]
[BlackFideId "1102222"]
[WhiteElo "2453"]
[BlackElo "2761"]
[Result "0-1"]
[Round "2"]
[TimeControl "180+1"]
[Date "2023.08.08"]
[WhiteClock "0:00:02"]
[BlackClock "0:00:14"]
[Board "91"]

1. Nf3 b5 2. e4 Bb7 3. Bxb5 Bxe4 4. Nc3 Bxf3 5. Qxf3 c6 6. Ba4 Nf6 7. O-O e6 8. d3 Be7 9. Bf4 O-O 10. Ne4 d5 11. Nd2 Qb6 12. Bb3 a5 13. a4 Nbd7 14. Be3 Bc5 15. c3 Rab8 16. d4 Bd6 17. Ra2 Qc7 18. g3 c5 19. dxc5 Nxc5 20. Bc2 Rfc8 21. Bd4 Be5 22. Be3 Ncd7 23. Bd3 Nc5 24. Bc2 Rb7 25. Re1 Bd6 26. Bd4 Nfd7 27. Qh5 g6 28. Qh6 Bf8 29. Qh4 Qd8 30. Qxd8 Rxd8 31. b3 Bg7 32. f4 Bxd4+ 33. cxd4 Na6 34. Bd1 Nb4 35. Ra1 Rc7 36. Re3 Rdc8 37. Nf3 Rc1 38. Rxc1 Rxc1 39. Re1 Nd3 40. Rf1 Rc3 41. Ne5 N7xe5 42. dxe5 Nc5 43. Rf3 Rxf3 44. Bxf3 Nxb3 45. Bd1 Nc5 46. Kf2 d4 47. Ke2 Kf8 48. Kd2 Ke7 49. g4 f6 50. exf6+ Kxf6 51. Bc2 e5 52. fxe5+ Kxe5 53. h4 Kf4 54. h5 gxh5 55. gxh5 h6 56. Bb1 Kg5 57. Bg6 Kf4 58. Be8 Ke4 59. Bg6+ Kd5 60. Bf7+ Kc6 61. Be8+ Kd6 62. Kc2 Kd5 63. Bf7+ Ke4 64. Kd2 d3 65. Bg6+ Kd4 66. Bf7 Nxa4 0-1


[Site "https://www.chess.com"]

[Event "Titled Tuesday Blitz August 08 Late 2023"]
[White "Castro Silva, Moises Antonio"]
[Black "Mahdavi, Reza"]
[WhiteFideId "3909794"]
[BlackFideId "12595926"]
[WhiteElo "2445"]
[BlackElo "2755"]
[Result "0-1"]
[Round "2"]
[TimeControl "180+1"]
[Date "2023.08.08"]
[WhiteClock "0:00:26"]
[BlackClock "0:02:00"]
[Board "92"]

1. e4 c5 2. Nf3 d6 3. d4 cxd4 4. Nxd4 Nf6 5. Nc3 a6 6. Bg5 e6 7. f4 Be7 8. Qf3 Qc7 9. O-O-O Nbd7 10. g4 b5 11. Bxf6 Nxf6 12. g5 Nd7 13. f5 Bxg5+ 14. Kb1 Ne5 15. Qh5 h6 16. fxe6 g6 17. Nd5 Qa7 18. exf7+ Qxf7 19. Qe2 Bg4 20. Qe1 Bxd1 21. Nxb5 axb5 22. Bxb5+ Kf8 23. Qxd1 Kg7 24. Rf1 Qa7 25. a4 Rhb8 26. Qe2 Rf8 27. h4 Rxf1+ 28. Qxf1 Bxh4 29. Qh3 Bg5 30. Qe6 Rd8 31. b4 Qf7 32. Qxf7+ Kxf7 33. a5 Ra8 34. c4 Bd8 35. Kc2 h5 36. a6 h4 0-1


[Site "https://www.chess.com"]

[Event "Titled Tuesday Blitz August 08 Late 2023"]
[White "Baches Garcia, Guillermo"]
[Black "Skvortsov, Andrei"]
[WhiteFideId "2209764"]
[BlackFideId "24108600"]
[WhiteElo "2441"]
[BlackElo "2710"]
[Result "0-1"]
[Round "2"]
[TimeControl "180+1"]
[Date "2023.08.08"]
[WhiteClock "0:00:00"]
[BlackClock "0:01:44"]
[Board "93"]

1. e4 d5 2. exd5 Qxd5 3. Nc3 Qe5+ 4. Qe2 Qxe2+ 5. Ngxe2 Nc6 6. a3 Bf5 7. d3 O-O-O 8. g3 h5 9. h3 f6 10. Bg2 e5 11. b4 Nge7 12. b5 Nd4 13. Nxd4 exd4 14. Ne4 Nd5 15. Bd2 c5 16. bxc6 bxc6 17. O-O Nb6 18. a4 Nd5 19. a5 Rd7 20. Rfb1 Be7 21. Rb3 Rb7 22. Rab1 Rxb3 23. Rxb3 Kc7 24. a6 Rb8 25. Ba5+ Kc8 26. Nd2 Rxb3 27. Nxb3 Bd7 28. Nxd4 Bc5 29. Nb3 Bd6 30. Kf1 Nc7 31. Nd4 c5 32. Nc6 Bxc6 33. Bxc6 Nxa6 34. c3 Nc7 35. g4 hxg4 36. hxg4 Ne6 37. Be4 Bc7 38. Bf5 Bxa5 39. Bxe6+ Kc7 40. c4 Bc3 41. Bf7 a5 42. Be8 Kd6 43. Ke2 Ke5 44. Kd1 Bd4 45. Kc2 Bxf2 46. Kb3 Be1 47. Ka4 Bb4 48. Kb5 Kd4 49. Bg6 Kc3 0-1


[Site "https://www.chess.com"]

[Event "Titled Tuesday Blitz August 08 Late 2023"]
[White "Morefield, Jason"]
[Black "littlepinkyboy"]
[WhiteFideId "30920825"]
[WhiteElo "2702"]
[BlackElo "2399"]
[Result "1-0"]
[Round "2"]
[TimeControl "180+1"]
[Date "2023.08.08"]
[WhiteClock "0:00:34"]
[BlackClock "0:00:02"]
[Board "94"]

1. e4 c5 2. Nf3 d6 3. Bb5+ Bd7 4. c4 Bxb5 5. cxb5 Nf6 6. Nc3 g6 7. d4 cxd4 8. Nxd4 Bg7 9. O-O O-O 10. Be3 Nbd7 11. Qe2 Rc8 12. Rfd1 Rxc3 13. bxc3 Nxe4 14. Qc2 Ndf6 15. f3 Nc5 16. Nf5 gxf5 17. Bxc5 Qa5 18. Bd4 Qxb5 19. Rab1 Qd7 20. Bxa7 Rc8 21. Qb3 Bf8 22. Qxb7 Qxb7 23. Rxb7 Rxc3 24. Bd4 Ra3 25. Bxf6 exf6 26. Rd2 Kg7 27. Rb3 Ra4 28. Kf1 Kg6 29. Ke2 Bh6 30. Rdb2 Bf4 31. Rb4 Rxb4 32. Rxb4 Bxh2 33. a4 Bg1 34. a5 Kg5 35. Rb7 h5 36. a6 Kf4 37. a7 Bxa7 38. Rxa7 Kg3 39. Kf1 h4 40. Rxf7 h3 41. Rg7+ Kf4 42. gxh3 Kxf3 43. h4 d5 44. h5 d4 45. h6 d3 46. Rd7 1-0


[Site "https://www.chess.com"]

[Event "Titled Tuesday Blitz August 08 Late 2023"]
[White "Seemann, Jakub"]
[Black "Djabri, Massinas"]
[WhiteFideId "21874697"]
[BlackFideId "7905726"]
[WhiteElo "2666"]
[BlackElo "2398"]
[Result "0-1"]
[Round "2"]
[TimeControl "180+1"]
[Date "2023.08.08"]
[WhiteClock "0:00:00"]
[BlackClock "0:00:13"]
[Board "95"]

1. Nf3 d5 2. g3 Nf6 3. Bg2 c5 4. O-O e6 5. d4 cxd4 6. Nxd4 Be7 7. c4 dxc4 8. Qa4+ Nbd7 9. Qxc4 O-O 10. Rd1 Nb6 11. Qc2 Nbd5 12. Nc3 Bd7 13. Nxd5 Nxd5 14. Bxd5 exd5 15. Bf4 Bh3 16. Rac1 Qa5 17. a3 Bf6 18. Qc7 Qa4 19. Qc2 Qa6 20. Qd3 Qb6 21. b4 Rac8 22. Nb3 Rxc1 23. Rxc1 d4 24. Nc5 Qc6 25. f3 Qd5 26. Ne4 Be7 27. Rc7 Re8 28. Qc4 Qxc4 29. Rxc4 Rd8 30. Nf2 Be6 31. Rc7 Rd7 32. Rc8+ Rd8 33. Rxd8+ Bxd8 34. Nd3 Be7 35. Be5 a5 36. Bxd4 axb4 37. axb4 Bc4 38. Bc5 Bf6 39. Kf2 Bc3 40. Ke3 f6 41. Bd6 Kf7 42. Bc5 Ke6 43. Nf4+ Kf7 44. g4 g5 45. Nd3 Ke6 46. Nf2 f5 47. gxf5+ Kxf5 48. Ne4 Be5 49. h3 Bf4+ 50. Kd4 Bxe2 51. Kd5 Bxf3 0-1


[Site "https://www.chess.com"]

[Event "Titled Tuesday Blitz August 08 Late 2023"]
[White "Zeynalli, Rashad"]
[Black "Dzida, Kamil"]
[WhiteFideId "13403320"]
[BlackFideId "21828652"]
[WhiteElo "2652"]
[BlackElo "2387"]
[Result "1-0"]
[Round "2"]
[TimeControl "180+1"]
[Date "2023.08.08"]
[WhiteClock "0:01:09"]
[BlackClock "0:02:02"]
[Board "96"]

1. e4 e5 2. Nf3 Nc6 3. Bc4 Nf6 4. Ng5 d5 5. exd5 Na5 6. Bb5+ c6 7. dxc6 bxc6 8. Bd3 Nd5 9. Nf3 Bd6 10. O-O O-O 11. Re1 f5 12. Nxe5 Qf6 13. Nf3 g5 14. c4 Nf4 15. Bf1 g4 16. d4 gxf3 17. Qxf3 Ng6 18. c5 Bc7 19. b4 Nb7 20. Bb2 Be6 21. Qxc6 Rae8 22. Qxc7 Bd5 23. Nd2 f4 24. Bc4 Bxc4 25. Nxc4 f3 26. d5 Qf7 27. Qxf7+ Kxf7 1-0


[Site "https://www.chess.com"]

[Event "Titled Tuesday Blitz August 08 Late 2023"]
[White "Hua, Lefong"]
[Black "Gatterer, Florian"]
[WhiteFideId "2602253"]
[BlackFideId "811688"]
[WhiteElo "2646"]
[BlackElo "2376"]
[Result "1-0"]
[Round "2"]
[TimeControl "180+1"]
[Date "2023.08.08"]
[WhiteClock "0:00:23"]
[BlackClock "0:00:00"]
[Board "97"]

1. d4 Nf6 2. c4 g6 3. Nc3 d5 4. cxd5 Nxd5 5. e4 Nxc3 6. bxc3 Bg7 7. Nf3 c5 8. Rb1 Bg4 9. Bb5+ Nd7 10. O-O O-O 11. Be2 cxd4 12. cxd4 Nb6 13. d5 e6 14. h3 Bxf3 15. Bxf3 exd5 16. exd5 Be5 17. Qd3 Re8 18. Be3 Bd6 19. Rb5 Qf6 20. Rfb1 Nd7 21. Rxb7 Ne5 22. Qd1 Nxf3+ 23. Qxf3 Qxf3 24. gxf3 a5 25. Rd7 Bb4 26. Rc1 Rac8 27. Rc6 Rcd8 28. Rcc7 Rxd7 29. Rxd7 h5 30. Kf1 Bc3 31. Rc7 Be5 32. Ra7 Bc3 33. Ke2 Rd8 34. Kd3 Bb4 35. Ke4 Re8+ 36. Kd4 Rd8 37. Ra6 Kg7 38. Kc4 f6 39. Bd4 Be7 40. Ra7 Kf8 41. Ra6 Kf7 42. Rxa5 Rc8+ 43. Kd3 Rc1 44. Ra7 Rd1+ 45. Ke3 Ke8 46. Ra6 Kf7 47. a4 f5 48. f4 h4 49. a5 Rb1 50. Kd3 Rb3+ 51. Kc4 Rb4+ 52. Kc3 Rb1 53. Ra7 Ke8 54. Ra8+ Kd7 55. Rg8 Bb4+ 56. Kc4 Bxa5 57. Rg7+ Ke8 58. Rxg6 Rh1 59. d6 Rxh3 60. Kd5 Kd7 61. Rg7+ Ke8 62. Ke6 1-0


[Site "https://www.chess.com"]

[Event "Titled Tuesday Blitz August 08 Late 2023"]
[White "Bernat, David"]
[Black "Schwabeneder, Florian"]
[WhiteFideId "2099225"]
[BlackFideId "1626191"]
[WhiteElo "2375"]
[BlackElo "2622"]
[Result "0-1"]
[Round "2"]
[TimeControl "180+1"]
[Date "2023.08.08"]
[WhiteClock "0:00:10"]
[BlackClock "0:00:23"]
[Board "98"]

1. c4 Nf6 2. Nc3 g6 3. e4 d6 4. g3 Bg7 5. Bg2 O-O 6. Nge2 c5 7. O-O Nc6 8. d3 a6 9. h3 Rb8 10. a4 Nd7 11. Be3 Nd4 12. a5 Nc6 13. d4 cxd4 14. Nxd4 Nxa5 15. Qe2 Nc6 16. Rfd1 Nxd4 17. Bxd4 Bxd4 18. Rxd4 Nc5 19. Qd1 Be6 20. b4 Nd7 21. f4 Qb6 22. Kh2 Qxb4 23. Qd2 Qc5 24. Rc1 Nf6 25. f5 Bd7 26. Nd5 Nxd5 27. Rxd5 Qc7 28. f6 exf6 29. Rxd6 Be6 30. c5 Kg7 31. Qd4 Qe7 32. Rf1 Rbc8 33. g4 Kg8 34. Rxf6 Qc7 35. e5 Qxc5 36. Qxc5 Rxc5 37. Bxb7 a5 38. Ra6 Rxe5 39. Kg3 Rb8 40. Bg2 Kg7 41. Rf4 Rb4 42. Rxb4 axb4 43. Rb6 b3 44. Kf4 Kf6 45. h4 h6 46. Be4 g5+ 47. hxg5+ hxg5+ 48. Kf3 Rc5 49. Bf5 Rc3+ 50. Ke2 Ke5 51. Bxe6 fxe6 52. Kd2 Rg3 53. Ke2 Kf6 54. Kf2 Rc3 55. Ke2 Ke7 56. Kd2 Rh3 57. Ke2 Rh2+ 58. Kd3 b2 59. Kc3 Kf6 60. Rb5 Rg2 61. Kd3 Ke7 62. Ke3 Kd7 63. Kf3 Rc2 64. Ke3 Kc6 65. Rb8 Kd5 66. Kd3 Rg2 67. Rb5+ Kc6 68. Rb8 Kd6 69. Rb6+ Ke5 70. Rb5+ Kf4 71. Rb4+ Kg3 72. Rb3 Kxg4 73. Ke4 Kh4 74. Ke5 g4 75. Kxe6 g3 76. Kf5 Rf2+ 77. Ke4 g2 78. Ke3 g1=Q 79. Rb4+ 0-1


[Site "https://www.chess.com"]

[Event "Titled Tuesday Blitz August 08 Late 2023"]
[White "Rostomyan, Mikayel"]
[Black "Smiechu"]
[WhiteFideId "13313754"]
[WhiteElo "2602"]
[BlackElo "2357"]
[Result "1-0"]
[Round "2"]
[TimeControl "180+1"]
[Date "2023.08.08"]
[WhiteClock "0:02:24"]
[BlackClock "0:02:15"]
[Board "99"]

1. d4 Nf6 2. Nf3 c5 3. d5 e6 4. Nc3 b5 5. dxe6 fxe6 6. Nxb5 d5 7. c4 a6 8. Na3 d4 9. e3 Nc6 10. Nc2 e5 11. exd4 exd4 12. Bd3 Bd6 13. O-O O-O 14. Bg5 Bg4 15. h3 Bh5 16. Be2 Qd7 17. Bxf6 Rxf6 18. Nfxd4 Nxd4 19. Bxh5 Qf5 20. Nxd4 Qxh5 21. Qxh5 1-0


[Site "https://www.chess.com"]

[Event "Titled Tuesday Blitz August 08 Late 2023"]
[White "Doluhanova, Evgeniya"]
[Black "Principe, Alexander"]
[WhiteFideId "14112035"]
[BlackFideId "3804542"]
[WhiteElo "2332"]
[BlackElo "2560"]
[Result "0-1"]
[Round "2"]
[TimeControl "180+1"]
[Date "2023.08.08"]
[WhiteClock "0:00:00"]
[BlackClock "0:01:14"]
[Board "100"]

1. c4 Nf6 2. Nc3 g6 3. e4 d6 4. d4 Bg7 5. h3 O-O 6. Be3 a5 7. Be2 Na6 8. Nf3 Rb8 9. Qd2 Re8 10. Bh6 Bh8 11. O-O c6 12. Rad1 Qc7 13. e5 Nd7 14. e6 fxe6 15. Ng5 Nf8 16. Bg4 e5 17. dxe5 Bxe5 18. f4 Bxg4 19. hxg4 Bf6 20. f5 Qb6+ 21. Kh1 Nc5 22. Qf2 Qb4 23. Nce4 Qxc4 24. Nxf6+ exf6 25. Rd4 Qe2 26. Bxf8 Qxf2 27. Rxf2 Rxf8 28. Nh3 d5 29. Nf4 g5 30. Nh5 Rbe8 31. Rf3 Kf7 32. Rh3 Re1+ 33. Kh2 Rfe8 34. Ng3 Kg8 35. Rh6 Nd7 36. Nh5 Rf8 37. Rd3 b5 38. b3 Re7 39. a4 b4 40. Rh3 c5 41. Rd3 Nb6 42. Nxf6+ Kg7 43. Ng8 Kxg8 44. Rxb6 Rd8 45. Rb5 Rc7 46. Rxa5 Kf7 47. Rb5 Kf6 48. a5 Ke5 49. a6 d4 50. Rd1 Kd5 51. Ra5 Ra8 52. a7 Rcxa7 53. Rxa7 Rxa7 54. f6 Rf7 55. Rf1 Ke4 56. Rf5 c4 57. bxc4 d3 58. c5 d2 59. Rf1 Kd3 60. c6 Ke2 61. c7 Rxc7 62. f7 Rxf7 63. Rxf7 d1=Q 64. Re7+ Kf2 65. Rf7+ Ke3 66. Re7+ Kf4 67. Rf7+ Kxg4 68. Rxh7 Qd6+ 69. Kh1 b3 70. Rb7 Qd1+ 71. Kh2 Qc2 0-1


[Site "https://www.chess.com"]

[Event "Titled Tuesday Blitz August 08 Late 2023"]
[White "Janaszak, Dawid"]
[Black "Ramadoss, Ashokkumar"]
[WhiteFideId "1119206"]
[BlackFideId "5040990"]
[WhiteElo "2552"]
[BlackElo "2300"]
[Result "1-0"]
[Round "2"]
[TimeControl "180+1"]
[Date "2023.08.08"]
[WhiteClock "0:00:05"]
[BlackClock "0:00:14"]
[Board "101"]

1. e4 e5 2. Nc3 Nf6 3. d4 Nc6 4. dxe5 Nxe5 5. f4 Nc6 6. e5 Ng8 7. Nf3 d6 8. Qe2 dxe5 9. fxe5 Bc5 10. Bg5 Be7 11. Bd2 Bg4 12. O-O-O Qd7 13. Bh6 Qf5 14. Bxg7 Bxf3 15. Qxf3 Qg5+ 16. Kb1 Qxg7 17. Nb5 Bd8 18. e6 fxe6 19. Bc4 Qf6 20. Qh3 Qf5 21. g4 Qc5 22. Bxe6 Qxb5 23. Rd5 Qxd5 24. Bxd5 Nge7 25. Qh5+ Ng6 26. Re1+ Be7 27. Be6 Rd8 28. c3 Rd6 29. Bf5 Kd8 30. g5 Rf8 31. Be4 Rf7 32. a3 Nce5 33. Bxb7 Rb6 34. Bd5 Rf2 35. Re2 Rxe2 36. Qxe2 Bxg5 37. Qe4 Bf6 38. Ka2 Rd6 39. c4 c6 40. Bg8 Nd3 41. c5 Nxc5 42. Qb4 Nd7 43. Bb3 Be7 44. Qa5+ Kc8 45. Qxa7 Nc5 46. Qxc5 Kd7 47. Qa7+ Ke8 48. Qb8+ Rd8 49. Qb7 Kf8 50. Qxc6 Kg7 51. Qe6 Rd6 52. Qf7+ Kh6 53. Bc2 Rf6 54. Qc4 Rf4 55. Qe6 Bf6 56. Qe2 Rh4 57. Qd2+ Nf4 58. Bd1 Bg5 59. Qd6+ Ng6 60. Bc2 Bf4 61. Qc6 Rxh2 62. Bxg6 hxg6 63. Qc4 Be5 64. Qe4 Rxb2+ 65. Ka1 Bg7 66. Qh4# 1-0


[Site "https://www.chess.com"]

[Event "Titled Tuesday Blitz August 08 Late 2023"]
[White "Hajiyev, Kanan"]
[Black "Tqebuchava, Zurab"]
[WhiteFideId "13404148"]
[BlackFideId "13601113"]
[WhiteElo "2550"]
[BlackElo "2276"]
[Result "1-0"]
[Round "2"]
[TimeControl "180+1"]
[Date "2023.08.08"]
[WhiteClock "0:00:16"]
[BlackClock "0:00:00"]
[Board "102"]

1. d4 d6 2. Nf3 g6 3. g3 Bg7 4. Bg2 Nf6 5. O-O O-O 6. b3 c6 7. Bb2 Bg4 8. c4 Bxf3 9. exf3 d5 10. f4 e6 11. Nd2 Nbd7 12. Nf3 dxc4 13. bxc4 Nb6 14. Qb3 Ne4 15. Rad1 Qc7 16. Ne5 Nf6 17. Rb1 Rab8 18. h4 h5 19. Rfe1 Ng4 20. Bf3 Nh6 21. Rbc1 Nf5 22. d5 exd5 23. cxd5 c5 24. a4 Rbc8 25. a5 Nd7 26. Nc4 Nd4 27. Kg2 Nxf3 28. Qxf3 Bxb2 29. Nxb2 Qxa5 30. f5 Qb6 31. Nc4 Qf6 32. d6 b5 33. Na5 Qxf5 34. Qxf5 gxf5 35. Re7 Rfd8 36. Nb7 Nf6 37. Nxd8 Rxd8 38. Rxc5 Rxd6 39. Rxb5 Rd8 40. Rxa7 Ng4 41. Rxf5 Rd2 42. Rf3 Rc2 43. Ra5 Rc7 44. Rxh5 Kf8 45. Rh8+ Ke7 46. Rxf7+ Kxf7 47. Rh7+ Kg6 48. Rxc7 Nf6 49. Rc6 Kg7 50. Rxf6 1-0


[Site "https://www.chess.com"]

[Event "Titled Tuesday Blitz August 08 Late 2023"]
[White "Merino Garcia, Rafael II"]
[Black "Ballester Llagaria, Luis Eduardo"]
[WhiteFideId "2209128"]
[BlackFideId "2297620"]
[WhiteElo "2270"]
[BlackElo "2544"]
[Result "0-1"]
[Round "2"]
[TimeControl "180+1"]
[Date "2023.08.08"]
[WhiteClock "0:00:13"]
[BlackClock "0:00:24"]
[Board "103"]

1. d4 d5 2. Nf3 Nf6 3. g3 Bg4 4. Bg2 c6 5. O-O Nbd7 6. c4 e6 7. Qb3 Qb6 8. c5 Qxb3 9. axb3 Be7 10. b4 a6 11. Nc3 O-O 12. h3 Bxf3 13. Bxf3 e5 14. dxe5 Nxe5 15. Bg2 Rfe8 16. Bf4 Bf8 17. g4 h6 18. Rfd1 g6 19. e3 Bg7 20. Ne2 Nfd7 21. Nd4 a5 22. bxa5 Nxc5 23. Bg3 Ned3 24. Rab1 Nb4 25. Bd6 Ncd3 26. Bf1 Rad8 27. Bc7 Rd7 28. Bb6 Ne5 29. b3 Rc8 30. f4 c5 31. fxe5 cxd4 32. exd4 f6 33. Bb5 Re7 34. Bc5 Rxc5 35. dxc5 fxe5 36. Rbc1 e4 37. c6 bxc6 38. Bxc6 d4 39. Rc4 Nxc6 40. Rxc6 e3 41. Rd6 Be5 42. Rd5 e2 43. Re1 Bg3 44. Rxe2 Rxe2 45. Rxd4 Ra2 46. b4 Bf2+ 0-1


[Site "https://www.chess.com"]